 Dungeon Crawl Stone Soup version 0.30-a0-1160-g6e42c06551 (webtiles) character file.

Game seed: 15771507036175373525

336 hwolsky the Chopper (level 6, -22/56 HPs)
             Began as a Minotaur Fighter on Apr 25, 2023.
             Annihilated by an ogre
             ... wielding a +0 giant spiked club
              (33 damage)
             ... on level 4 of the Dungeon on Apr 26, 2023.
             The game lasted 00:08:30 (2436 turns).

hwolsky the Chopper (Minotaur Fighter)              Turns: 2436, Time: 00:08:31

Health: -22/56     AC:  8    Str: 23    XL:     6   Next: 28%
Magic:  5/5        EV:  9    Int:  5    God:
Gold:   188        SH:  4    Dex:  9    Spells: 5/5 levels left

rFire   . . .        a - +0 war axe
rCold   . . .        c - +0 buckler
rNeg    . . .        b - +0 scale mail
rPois   .            (helmet restricted)
rElec   .            (no cloak)
rCorr   .            (no gloves)
SInv    .            e - +0 pair of boots
Will    .....        (no amulet) Stlth
                     (no ring)
HPRegen 0.29/turn    (no ring)
MPRegen 0.09/turn

%: no passive effects
@: no status effects
A: horns 2, retaliatory headbutt
a: no special abilities


You were on level 4 of the Dungeon.
You visited 1 branch of the dungeon, and saw 4 of its levels.

You collected 188 gold pieces.

Inventory:

Hand Weapons
 a - a +0 war axe (weapon)
Missiles
 f - 3 atropa-tipped darts
 n - 3 silver boomerangs (quivered)
Armour
 b - a +0 scale mail (worn)
 c - a +0 buckler (worn)
 e - a +0 pair of boots (worn)
Jewellery
 g - an amulet of faith
Wands
 d - a wand of flame (14)
Scrolls
 i - a scroll of fear
 l - a scroll of blinking
 m - a scroll of teleportation
 q - a scroll of magic mapping
Potions
 h - 2 potions of curing
 j - a potion of mutation
 k - a potion of degeneration {unknown}


   Skills:
 + Level 5.0 Fighting
 * Level 5.4 Axes
 + Level 5.0 Armour
 + Level 4.9 Shields


You had 5 spell levels left.
You didn't know any spells.
Your spell library contained the following spells:

 Spells                   Type           Power      Damage    Failure   Level
 Sandblast                Erth           0%         2d4       83%         1
 Blink                    Tloc           0%         N/A       93%         2
 Lesser Beckoning         Tloc           0%         N/A       93%         2
 Momentum Strike          Conj/Tloc      0%         3d8       93%         2
 Passwall                 Tmut/Erth      0%         N/A       93%         2
 Inner Flame              Hex/Fire       0%         N/A       99%         3
 Stone Arrow              Conj/Erth      0%         3d7       99%         3
 Yara's Violent Unravell  Hex/Tmut       0%         3d3       100%        5
 Enfeeble                 Hex            0%         N/A       100%        7


Dungeon Overview and Level Annotations

Branches:
Dungeon (4/15)
 Temple: D:4-7

Altars:
Dithmenos
Hepliaklqana
Nemelex Xobeh
Qazlal
Vehumet
Xom

Shops:
D:2 =


Innate Abilities, Weirdness & Mutations

You have a pair of horns on your head.
You reflexively headbutt those who attack you in melee.


Message History

Key pressed, stopping explore.
You feel your willpower return.
l - a scroll of blinking You open the door.
There is an open door here.
You open the door.
There is an open door here.
An iguana comes into view.
The iguana hisses angrily.
The iguana moves out of view.
An iguana is nearby!
You slash the iguana!
The iguana is heavily wounded.
The iguana bites you. x2
You closely miss the iguana. Your headbutt misses the iguana.
The iguana is heavily wounded.
The iguana barely misses you.
You hit the iguana.
The iguana is severely wounded.
The iguana bites you!
You hit the iguana.
You kill the iguana!
Your Armour skill increases to level 5!
You see here an iguana corpse.
You open the door.
An ogre comes into view. It is wielding a +0 giant spiked club.
There is an open door here.
The ogre hits you with a +0 giant spiked club!!
Ouch! That really hurt!
* * * LOW HITPOINT WARNING * * *
You barely miss the ogre. You hit the ogre.
The ogre is lightly wounded.
The ogre barely misses you. You furiously retaliate!
You headbutt the ogre, but do no damage.
You slash the ogre! You headbutt the ogre!
The ogre is severely wounded.
The ogre hits you with a +0 giant spiked club!!
Ouch! That really hurt!
You die...

..
#...#...#.........#....#
.
#...#..##...###.#......#
....#..##...###.########
.... #............# ....
#............#
#.#########.##
.######†#.......###
........#.......#
........'.@O....#
........#.......#
#####...#.......#
#############


You could see an ogre.

Vanquished Creatures
  An ogre (D:4)
  A phantom (D:4)
  An iguana (D:4)
  2 orc wizards (D:3)
  Ijyb (D:4)
  An adder (D:2)
  5 orcs
  7 ball pythons
  8 bats
  8 endoplasms
  A giant cockroach (D:2)
  3 goblins (D:2)
  9 hobgoblins
  4 jackals (D:1)
  3 kobolds
  3 frilled lizards
  5 rats
63 creatures vanquished.

Vanquished Creatures (others)
  A goblin (D:3)
1 creature vanquished.

Grand Total: 64 creatures vanquished

Notes
Turn   | Place    | Note
-------+----------+-------------------------------------------
     0 | D:1      | hwolsky the Minotaur Fighter began the quest for the Orb.
     0 | D:1      | Reached XP level 1. HP: 19/19 MP: 0/0
    81 | D:1      | Reached XP level 2. HP: 27/27 MP: 1/1
   240 | D:1      | Found a faded altar of an unknown god.
   650 | D:2      | Reached XP level 3. HP: 33/33 MP: 2/2
   662 | D:2      | Found Qophin's Jewellery Shoppe.
   785 | D:2      | Found a shimmering altar of Xom.
  1287 | D:3      | Found a shadowy altar of Dithmenos.
  1296 | D:3      | Reached XP level 4. HP: 40/40 MP: 3/3
  1944 | D:3      | Found a stormy altar of Qazlal.
  1956 | D:3      | Found a hazy altar of Hepliaklqana.
  2007 | D:3      | Found a radiant altar of Vehumet.
  2021 | D:3      | Found a sparkling altar of Nemelex Xobeh.
  2097 | D:4      | Noticed an ogre
  2104 | D:4      | Killed an ogre
  2105 | D:4      | Reached XP level 5. HP: 20/47 MP: 4/4
  2257 | D:4      | Noticed a phantom
  2271 | D:4      | Killed a phantom
  2272 | D:4      | Reached skill level 5 in Axes
  2272 | D:4      | Reached XP level 6. HP: 50/55 MP: 5/5
  2317 | D:4      | Noticed Ijyb
  2322 | D:4      | Killed Ijyb
  2334 | D:4      | Reached skill level 5 in Fighting
  2427 | D:4      | Reached skill level 5 in Armour
  2436 | D:4      | Annihilated by an ogre

Illustrated notes

Levels and vault maps discovered:
D:1:      lemuel_arrival_muddy, layout_rooms, serial_glass, glass_columns_c,
          glass_columns_b, hellmonk_ecumenical_altar_lost_god, nicolae_titane
D:2:      layout_basic, serial_shops, shop, basic_altar, minmay_split_cup_large
D:3:      layout_basic, nicolae_overflow_quartered_altars,
          mainiacjoe_overflow_catwalk
D:4:      layout_gridville, kennysheep_generic_room_2, uniq_ijyb

Skill      XL: |  1  2  3  4  5  6 |
---------------+-------------------+-----
Axes           | 3 4 5 |  5.4
Shields        | 4 |  4.9
Fighting       | 4 5 |  5.0
Armour         | 4 5 |  5.0

Action                     |  1- 3 |  4- 6 || total
---------------------------+-------+-------++-------
  Melee: War axe           |    87 |    69 ||   156
         Headbutt          |     7 |     7 ||    14
  Throw: Dart              |     4 |     3 ||     7
         Boomerang         |       |    19 ||    19
    Use: Scroll            |     6 |     5 ||    11
         Potion            |       |     3 ||     3
   Stab: Invisible         |     1 |       ||     1
 Armour: Scale mail        |    58 |    40 ||    98
  Dodge: Dodged            |    55 |    23 ||    78
  Block: Buckler           |    19 |    10 ||    29

Table legend: (Time is in decaauts)
 A = Elapsed time spent in this place.
 B = Non-inter-level travel time spent in this place.
 C = Inter-level travel time spent in this place.
 D = Time resting spent in this place.
 E = Time spent auto-exploring this place.
 F = Levels seen in this place.
 G = Mean time per level.
                   A        B        C        D        E       F      G
               +--------+--------+--------+--------+--------+-----+--------+
         Total |   2494 |   2372 |    122 |    166 |   1486 |   4 |  623.5 |
       Dungeon |   2494 |   2372 |    122 |    166 |   1486 |   4 |  623.5 |
               +--------+--------+--------+--------+--------+-----+--------+

Top non-repeatable levels by time:
     D:3: 873 daAuts
     D:2: 653 daAuts
     D:1: 621 daAuts
     D:4: 346 daAuts
